TOP OF THE 1ST |
Springfield Stars batting - Pitching for Pocatello Boccabellas : LHP Osvaldo Cruz
|
Pitching: LHP Osvaldo Cruz
|
|
Batting: RHB Calvin Bennett
|
0-0: Ball 1-0: Ball 2-0: Ball 3-0: Called Strike 3-1: Base on Balls
|
Batting: RHB Juan Rodríguez
|
0-0: Ball 1-0: Ball 2-0: SINGLE (Line Drive, 6M) Calvin Bennett to second
|
Batting: RHB Norberto Taváres
|
0-0: Foul Ball, location: 2F 0-1: Ball 1-1: Grounds into double play, 6-4-3 (Groundball, 6) Calvin Bennett to third
|
Batting: LHB Felipe Guerrero
|
0-0: Foul Ball, location: 2F 0-1: Ball 1-1: Foul Ball, location: 2F 1-2: Ball 2-2: Strikes out looking
|
Top of the 1st over - 0 run(s), 1 hit(s), 0 error(s), 1 left on base; Springfield 0 - Pocatello 0 |
BOTTOM OF THE 1ST |
Pocatello Boccabellas batting - Pitching for Springfield Stars : LHP Brock Morris
|
Pitching: LHP Brock Morris
|
|
Batting: RHB Tomás Carranza
|
0-0: Called Strike 0-1: Swinging Strike 0-2: Foul Ball, location: 2F 0-2: Ball 1-2: SINGLE (Line Drive, 89M)
|
Pitching: RHP Jorge Delgado
|
|
Batting: RHB José Delgado
|
0-0: Called Strike 0-1: Swinging Strike 0-2: Foul Ball, location: 2F 0-2: Foul Ball, location: 2F 0-2: Ball 1-2: Ground out 3-1 (Groundball, 34S) Tomás Carranza to second
|
Batting: RHB Marlon Phipps
|
0-0: Called Strike 0-1: SINGLE (Groundball, 56D) Tomás Carranza to third Runner from 3rd tries for Home, SAFE, no throw
|
Batting: RHB Ernesto Acosta
|
0-0: Ball 1-0: SINGLE (Line Drive, 7S) Marlon Phipps to second
|
Batting: LHB Ray Bryant
|
0-0: Ball 1-0: Called Strike 1-1: Called Strike 1-2: SINGLE (Line Drive, 4MD) Marlon Phipps to third Ernesto Acosta to second Runner from 3rd tries for Home, SAFE, throw made home Ernesto Acosta to third Ray Bryant to second
|
Batting: RHB Francisco Sandoval
|
0-0: Fly out, F8 (Flyball, 8RM) Runner from 3rd tags up, SCORES, throw made
|
Pitching: RHP Hyo-chin Ch'oe
|
|
Batting: SHB Nick Cox
|
0-0: SINGLE (Flyball, 8LS) Ray Bryant to third Runner from 3rd tries for Home, SAFE, no throw
|
Batting: LHB Jim Jensen
|
0-0: Ball 1-0: Foul Ball, location: 2F 1-1: Ball 2-1: Ball 3-1: Foul Ball, location: 2F 3-2: Ground out U3 (Groundball, 3)
|
Bottom of the 1st over - 4 run(s), 5 hit(s), 0 error(s), 1 left on base; Springfield 0 - Pocatello 4 |
TOP OF THE 2ND |
Springfield Stars batting - Pitching for Pocatello Boccabellas : LHP Osvaldo Cruz
|
Batting: LHB Elliott Newell
|
0-0: Called Strike 0-1: Called Strike 0-2: DOUBLE (Line Drive, 78XD)
|
Batting: LHB Jesús Tobías
|
0-0: Called Strike 0-1: Ball 1-1: Called Strike 1-2: SINGLE (Groundball, 3D) Elliott Newell to third Runner from 3rd tries for Home, throw and OUT! Jesús Tobías to second
|
Batting: LHB Ryan Drake
|
0-0: Called Strike 0-1: Swinging Strike 0-2: Strikes out swinging
|
Batting: RHB Juan Carlos Rodríguez
|
0-0: Called Strike 0-1: SINGLE (Line Drive, 78M) Jesús Tobías to third Runner from 3rd tries for Home, SAFE, no throw
|
Batting: RHB Will Sterling
|
0-0: DOUBLE (Line Drive, 78M) Juan Carlos Rodríguez to third Runner from 3rd tries for Home, SAFE, no throw
|
Batting: RHB Calvin Bennett
|
0-0: Ground out 6-3 (Groundball, 6)
|
Top of the 2nd over - 2 run(s), 4 hit(s), 0 error(s), 1 left on base; Springfield 2 - Pocatello 4 |
BOTTOM OF THE 2ND |
Pocatello Boccabellas batting - Pitching for Springfield Stars : RHP Hyo-chin Ch'oe
|
Batting: SHB Glenn Vadnais
|
0-0: Foul Ball, location: 2F 0-1: Foul Ball, location: 2F 0-2: Fly out, F7 (Flyball, 7LD)
|
Batting: RHB Tomás Carranza
|
0-0: Ball 1-0: Ball 2-0: TRIPLE (Flyball, 89XD)
|
Batting: RHB José Delgado
|
0-0: Ball 1-0: Ground out 6-3 (Groundball, 56) Tomás Carranza scores
|
Batting: RHB Marlon Phipps
|
0-0: Ball 1-0: Ball 2-0: Foul Ball, location: 2F 2-1: Called Strike 2-2: Foul Ball, location: 2F 2-2: Ball 3-2: Ground out 4-3 (Groundball, 34)
|
Bottom of the 2nd over - 1 run(s), 1 hit(s), 0 error(s), 0 left on base; Springfield 2 - Pocatello 5 |
TOP OF THE 3RD |
Springfield Stars batting - Pitching for Pocatello Boccabellas : LHP Osvaldo Cruz
|
Batting: RHB Juan Rodríguez
|
0-0: Called Strike 0-1: Ball 1-1: Ground out 5-3 (Groundball, 56)
|
Batting: RHB Norberto Taváres
|
0-0: Ball 1-0: Ball 2-0: Ball 3-0: Called Strike 3-1: Base on Balls
|
Batting: LHB Felipe Guerrero
|
0-0: Called Strike 0-1: Called Strike 0-2: Ball 1-2: Ball 2-2: Ball Throwing error on steal attempt, E2 Norberto Taváres to third 3-2: Strikes out swinging
|
Batting: LHB Elliott Newell
|
0-0: Fly out, F7 (Flyball, 7D)
|
Top of the 3rd over - 0 run(s), 0 hit(s), 1 error(s), 1 left on base; Springfield 2 - Pocatello 5 |
BOTTOM OF THE 3RD |
Pocatello Boccabellas batting - Pitching for Springfield Stars : RHP Hyo-chin Ch'oe
|
Batting: RHB Ernesto Acosta
|
0-0: Called Strike 0-1: DOUBLE (Flyball, 78XD)
|
Batting: LHB Ray Bryant
|
0-0: Ball 1-0: Called Strike 1-1: Foul Ball, location: 2F 1-2: Strikes out swinging
|
Batting: RHB Francisco Sandoval
|
0-0: Ball 1-0: Ball 2-0: Foul Ball, location: 2F 2-1: Ball 3-1: Foul Ball, location: 2F 3-2: Foul Ball, location: 2F 3-2: Strikes out swinging
|
Pitching: LHP John Livingston
|
|
Batting: SHB Nick Cox
|
0-0: Ball 1-0: Called Strike 1-1: Ball 2-1: SINGLE (Line Drive, 9S) Ernesto Acosta to third Runner from 3rd tries for Home, SAFE, no throw
|
Batting: LHB Jim Jensen
|
0-0: SINGLE (Groundball, 4M) (infield hit) Nick Cox to second
|
Batting: SHB Glenn Vadnais
|
0-0: Fly out, F7 (Flyball, 7S)
|
Bottom of the 3rd over - 1 run(s), 3 hit(s), 0 error(s), 2 left on base; Springfield 2 - Pocatello 6 |
TOP OF THE 4TH |
Springfield Stars batting - Pitching for Pocatello Boccabellas : LHP Osvaldo Cruz
|
Batting: LHB Jesús Tobías
|
0-0: Ball 1-0: Called Strike 1-1: Ball 2-1: Swinging Strike 2-2: Ball 3-2: Strikes out swinging
|
Batting: LHB Ryan Drake
|
0-0: Ball 1-0: Ball 2-0: Called Strike 2-1: Foul Ball, location: 2F 2-2: TRIPLE (Flyball, 8RXD)
|
Batting: RHB Juan Carlos Rodríguez
|
0-0: SINGLE (Flyball, 7S) Ryan Drake scores
|
Batting: RHB Will Sterling
|
0-0: Ball 1-0: Grounds into double play, 6-4-3 (Groundball, 6)
|
Top of the 4th over - 1 run(s), 2 hit(s), 0 error(s), 0 left on base; Springfield 3 - Pocatello 6 |
BOTTOM OF THE 4TH |
Pocatello Boccabellas batting - Pitching for Springfield Stars : LHP John Livingston
|
Batting: RHB Tomás Carranza
|
0-0: Ball 1-0: Ball 2-0: Ball 3-0: Base on Balls
|
Batting: RHB José Delgado
|
0-0: Swinging Strike 0-1: Ball 1-1: Swinging Strike 1-2: Ball 2-2: Fly out, F6 (Popup, 56)
|
Batting: RHB Marlon Phipps
|
0-0: Ball 1-0: Grounds into double play, 1-6-3 (Groundball, P)
|
Bottom of the 4th over - 0 run(s), 0 hit(s), 0 error(s), 0 left on base; Springfield 3 - Pocatello 6 |
TOP OF THE 5TH |
Springfield Stars batting - Pitching for Pocatello Boccabellas : LHP Osvaldo Cruz
|
Batting: RHB Calvin Bennett
|
0-0: Ball 1-0: DOUBLE (Groundball, 5L)
|
Batting: RHB Juan Rodríguez
|
0-0: Called Strike 0-1: Ball 1-1: Called Strike 1-2: Strikes out swinging
|
Batting: RHB Norberto Taváres
|
0-0: Called Strike 0-1: Ball 1-1: Ball 2-1: Foul Ball, location: 2F 2-2: Strikes out looking
|
Batting: LHB Felipe Guerrero
|
0-0: Called Strike 0-1: Foul Ball, location: 2F 0-2: Ball 1-2: Ball 2-2: Strikes out swinging
|
Top of the 5th over - 0 run(s), 1 hit(s), 0 error(s), 1 left on base; Springfield 3 - Pocatello 6 |
BOTTOM OF THE 5TH |
Pocatello Boccabellas batting - Pitching for Springfield Stars : LHP John Livingston
|
Batting: RHB Ernesto Acosta
|
0-0: Fly out, F7 (Line Drive, 7)
|
Batting: LHB Ray Bryant
|
0-0: Ball 1-0: Ball 2-0: Ball 3-0: Called Strike 3-1: Called Strike 3-2: Base on Balls
|
Batting: RHB Francisco Sandoval
|
0-0: Ball 1-0: Ball Ray Bryant steals 2nd base 2-0: Foul Ball, location: 2F 2-1: Fly out, F5 (Popup, 5)
|
Batting: SHB Nick Cox
|
0-0: Ball 1-0: Called Strike 1-1: Swinging Strike 1-2: Ball 2-2: Foul Ball, location: 2F 2-2: Ball 3-2: Fly out, F6 (Flyball, 6D)
|
Bottom of the 5th over - 0 run(s), 0 hit(s), 0 error(s), 1 left on base; Springfield 3 - Pocatello 6 |
TOP OF THE 6TH |
Springfield Stars batting - Pitching for Pocatello Boccabellas : LHP Osvaldo Cruz
|
Batting: LHB Elliott Newell
|
0-0: Ball 1-0: Ball 2-0: Foul Ball, location: 2F 2-1: Foul Ball, location: 2F 2-2: DOUBLE (Line Drive, 78XD)
|
Batting: LHB Jesús Tobías
|
0-0: Ball 1-0: Called Strike 1-1: Ball 2-1: Ground out 3-1 (Groundball, 34) Elliott Newell to third
|
Batting: LHB Ryan Drake
|
0-0: DOUBLE (Line Drive, 9LM) Elliott Newell scores
|
Batting: RHB Juan Carlos Rodríguez
|
0-0: Ball 1-0: Foul Ball, location: 2F 1-1: Ball 2-1: Foul Ball, location: 2F 2-2: Strikes out looking
|
Batting: RHB Will Sterling
|
0-0: Fly out, F7 (Flyball, 7LDF)
|
Top of the 6th over - 1 run(s), 2 hit(s), 0 error(s), 1 left on base; Springfield 4 - Pocatello 6 |
BOTTOM OF THE 6TH |
Pocatello Boccabellas batting - Pitching for Springfield Stars : LHP John Livingston
|
Batting: LHB Jim Jensen
|
0-0: Ball 1-0: Called Strike 1-1: Ball 2-1: Foul Ball, location: 2F 2-2: Ball 3-2: Foul Ball, location: 2F 3-2: SINGLE (Line Drive, 7S)
|
Batting: SHB Glenn Vadnais
|
0-0: Grounds into double play, 6-4-3 (Groundball, 6)
|
Batting: RHB Tomás Carranza
|
0-0: Called Strike 0-1: Ground out 6-3 (Groundball, 6)
|
Bottom of the 6th over - 0 run(s), 1 hit(s), 0 error(s), 0 left on base; Springfield 4 - Pocatello 6 |
TOP OF THE 7TH |
Springfield Stars batting - Pitching for Pocatello Boccabellas : LHP Osvaldo Cruz
|
Batting: RHB Calvin Bennett
|
0-0: Ball 1-0: DOUBLE (Groundball, 5L)
|
Batting: RHB Juan Rodríguez
|
0-0: Called Strike 0-1: Ball 1-1: Called Strike 1-2: Strikes out swinging
|
Batting: RHB Norberto Taváres
|
0-0: Ball 1-0: Ball 2-0: Foul Ball, location: 2F 2-1: Foul Ball, location: 2F 2-2: Ground out U3 (Groundball, 34) Calvin Bennett to third
|
Batting: LHB Felipe Guerrero
|
0-0: Ball 1-0: Called Strike 1-1: Ground out 6-3 (Groundball, 6)
|
Top of the 7th over - 0 run(s), 1 hit(s), 0 error(s), 1 left on base; Springfield 4 - Pocatello 6 |
BOTTOM OF THE 7TH |
Pocatello Boccabellas batting - Pitching for Springfield Stars : LHP John Livingston
|
Pitching: RHP José Valdéz
|
|
Batting: RHB José Delgado
|
0-0: Ball 1-0: Foul Ball, location: 2F 1-1: Fly out, F6 (Popup, 6MD)
|
Batting: RHB Marlon Phipps
|
0-0: Foul Ball, location: 2F 0-1: Ball 1-1: Ball 2-1: Ball 3-1: Fly out, F7 (Flyball, 78D)
|
Batting: RHB Ernesto Acosta
|
0-0: Called Strike 0-1: Foul Ball, location: 2F 0-2: Fly out, F9 (Flyball, 9)
|
Bottom of the 7th over - 0 run(s), 0 hit(s), 0 error(s), 0 left on base; Springfield 4 - Pocatello 6 |
TOP OF THE 8TH |
Springfield Stars batting - Pitching for Pocatello Boccabellas : LHP Osvaldo Cruz
|
Batting: LHB Elliott Newell
|
0-0: Ball 1-0: Called Strike 1-1: Ball 2-1: Fly out, F7 (Line Drive, 7)
|
Batting: LHB Jesús Tobías
|
0-0: SINGLE (Groundball, 4S) (infield hit)
|
Batting: LHB Ryan Drake
|
0-0: Ball 1-0: Grounds into double play, 5-4-3 (Groundball, 56)
|
Top of the 8th over - 0 run(s), 1 hit(s), 0 error(s), 0 left on base; Springfield 4 - Pocatello 6 |
BOTTOM OF THE 8TH |
Pocatello Boccabellas batting - Pitching for Springfield Stars : RHP José Valdéz
|
Batting: LHB Ray Bryant
|
0-0: Called Strike 0-1: Ball 1-1: Called Strike 1-2: Ball 2-2: Strikes out swinging
|
Batting: RHB Francisco Sandoval
|
0-0: Foul Ball, location: 2F 0-1: Ball 1-1: Called Strike 1-2: Strikes out swinging
|
Batting: SHB Nick Cox
|
0-0: Called Strike 0-1: Swinging Strike 0-2: Strikes out swinging
|
Bottom of the 8th over - 0 run(s), 0 hit(s), 0 error(s), 0 left on base; Springfield 4 - Pocatello 6 |
TOP OF THE 9TH |
Springfield Stars batting - Pitching for Pocatello Boccabellas : LHP Osvaldo Cruz
|
Pitching: RHP Jaime Espinoza
|
|
Batting: RHB Juan Carlos Rodríguez
|
0-0: Swinging Strike 0-1: Ball 1-1: Ball 2-1: Foul Ball, location: 2F 2-2: Ball 3-2: Strikes out swinging
|
Batting: RHB Will Sterling
|
0-0: Ball 1-0: Called Strike 1-1: Called Strike 1-2: Foul Ball, location: 2F 1-2: SINGLE (Line Drive, 78M)
|
Pinch Hitting: SHB Shane Hutchinson
|
0-0: Ball 1-0: Called Strike 1-1: SINGLE (Groundball, 4MD) Will Sterling to second
|
Batting: RHB Juan Rodríguez
|
0-0: Called Strike 0-1: Called Strike 0-2: Strikes out swinging
|
Batting: RHB Norberto Taváres
|
0-0: Foul Ball, location: 2F 0-1: Swinging Strike 0-2: Ball 1-2: Ball 2-2: Foul Ball, location: 2F 2-2: Foul Ball, location: 2F 2-2: Ball 3-2: Foul Ball, location: 2F 3-2: Foul Ball, location: 2F 3-2: Foul Ball, location: 2F 3-2: Ground out 6-3 (Groundball, 6)
|
Top of the 9th over - 0 run(s), 2 hit(s), 0 error(s), 2 left on base; Springfield 4 - Pocatello 6 |
|